 Dungeon Crawl Stone Soup version 0.30.0-12-gd5a94ecb5d (webtiles) character file.

Game seed: 10631520037212196609

137 Gabide the Vexing (level 5, -11/37 HPs)
             Began as a Vampire Enchanter on May 17, 2023.
             Mangled by a sleepcap (14 damage)
             ... on level 3 of the Dungeon.
             The game lasted 00:04:45 (2116 turns).

Gabide the Vexing (Vampire Enchanter)               Turns: 2116, Time: 00:04:46

Health: -11/37     AC:  2    Str:  7    XL:     5   Next: 0%
Magic:  4/9        EV:  2    Int: 20    God:
Gold:   160        SH:  0    Dex: 14    Spells: 4/9 levels left

rFire   . . .        a - +1 dagger
rCold   . . .        (no shield)
rNeg    . . .        b - +0 robe
rPois   .            (no helmet)
rElec   .            (no cloak)
rCorr   .            (no gloves)
SInv    +            (no boots)
Will    .....        (no amulet)
Stlth   +++          e - ring of wizardry
HPRegen 0.46/turn    (no ring)
MPRegen 0.11/turn

%: wizardry (x1)
@: sleeping, healing quickly
A: alive, fangs 3, see invisible, vampiric 2
a: Exsanguinate


You were on level 3 of the Dungeon.
You visited 1 branch of the dungeon, and saw 3 of its levels.

You collected 160 gold pieces.

Inventory:

Hand Weapons
 a - a +1 dagger (weapon)
 l - a +0 sling
Missiles
 f - 3 poisoned darts
Armour
 b - a +0 robe (worn)
Jewellery
 e - a ring of wizardry (left hand)
Wands
 q - a wand of polymorph (7)
 r - a wand of flame (19)
Scrolls
 d - 3 scrolls of identify
 o - a scroll of poison
Potions
 c - 3 potions of invisibility
 g - a potion of resistance {unknown}
 h - a potion of might
 i - 2 potions of curing
 p - 2 potions of haste {unknown}


   Skills:
 + Level 1.3 Fighting
 + Level 2.2 Short Blades
 + Level 3.0 Dodging
 - Level 4.4 Stealth
 + Level 2.6 Spellcasting
 * Level 6.0 Hexes


You had 4 spell levels left.
You knew the following spells:

 Your Spells              Type           Power      Damage    Failure   Level
a - Confusing Touch       Hex            26%        N/A       1%          3
b - Ensorcelled Hibernat  Hex/Ice        28%        N/A       2%          2

Your spell library contained the following spells:

 Spells                   Type           Power      Damage    Failure   Level
 Tukima's Dance           Hex            26%        N/A       1%          3
 Dazzling Flash           Conj/Hex       28%        N/A       5%          3
 Summon Guardian Golem    Hex/Summ       14%        N/A       5%          3
 Summon Small Mammal      Summ           8%         N/A       6%          1
 Call Canine Familiar     Summ           2%         N/A       17%         3
 Vhi's Electric Charge    Tloc/Air       4%         N/A       17%         3
 Summon Mana Viper        Hex/Summ       14%        N/A       41%         5
 Arcjolt                  Conj/Air       1%         1d11      82%         5
 Summon Forest            Summ/Tloc      1%         N/A       82%         5
 Summon Cactus Giant      Summ           1%         N/A       100%        6
 Maxwell's Capacitive Co  Air            1%         ∞         100%        8


Dungeon Overview and Level Annotations

Branches:
Dungeon (3/15)

Altars:

Annotations:
D:3 1 runed translucent door, tish's ghost, amateur BaSu


Innate Abilities, Weirdness & Mutations

Your natural rate of healing is accelerated.
You have razor-sharp teeth.
You have supernaturally acute eyesight. (SInv)
You are afflicted with vampirism and can become a bat while bloodless.


Message History

You are unaffected.
You completely miss the sleepcap.
The sleepcap is lightly damaged.
The sleepcap barely misses you. The sleepcap closely misses you.
You hit the sleepcap but do no damage.
The sleepcap is lightly damaged.
The sleepcap releases spores at you.
You are engulfed in a cloud of soporific spores!
You are unaffected.
The sleepcap releases spores at the sleepcap but does no damage.
Casting: Confusing Touch (safe; 1% risk of failure)
Confirm with . or Enter, or press ? or * to list all spells.
Your hands begin to glow red.
The sleepcap releases spores at you!
* * * LOW HITPOINT WARNING * * *
You are engulfed in a cloud of soporific spores!
You fall asleep.
You wake up.
You hit the sleepcap but do no damage. The sleepcap barely misses you.
You hit the sleepcap but do no damage.
The sleepcap appears confused.
You completely miss the sleepcap. The sleepcap barely misses you.
The sleepcap releases spores at itself.
You hit the sleepcap.
The sleepcap is lightly damaged.
The sleepcap misses you.
You hit the sleepcap.
The sleepcap is lightly damaged.
The sleepcap releases spores at you.
* * * LOW HITPOINT WARNING * * *
You catch the helpless sleepcap completely off-guard!
You puncture the sleepcap!
You bite the sleepcap, but do no damage.
The sleepcap is severely damaged.
You hit the sleepcap.
The sleepcap is severely damaged.
The sleepcap releases spores at you.
* * * LOW HITPOINT WARNING * * *
You are engulfed in a cloud of soporific spores!
You fall asleep.
The sleepcap releases spores at you!
You die...

#### #..# # #..# # #..# #
#†)# # #..# # #..# # #..#
# ######## #####..#
########### #.@f...#
#......# ..........##
#.##'''# #.###.##
########...####.#.....##.#
#.#
#.......#......#.....##.#
#.#
##.#####...#######...###.#
#.# ..#.....#.## #...# #.#
#.# .###.#....# ##.## #.#
#.# ## ##.....# [# #.# #.#
.###[#...## #### #.# #.##


You could see a sleepcap (confused).

Vanquished Creatures
  An orc priest (D:3)
  Ijyb (D:2)
  An adder (D:2)
  2 worms
  3 orcs (D:3)
  4 endoplasms
  6 giant cockroaches
  13 goblins
  6 hobgoblins
  3 jackals (D:1)
  A quokka (D:1)
  5 ball pythons
  4 bats
  A frilled lizard (D:2)
  4 kobolds
  7 rats
62 creatures vanquished.

Notes
Turn   | Place    | Note
-------+----------+-------------------------------------------
     0 | D:1      | Gabide the Vampire Enchanter began the quest for the Orb.
     0 | D:1      | Reached XP level 1. HP: 13/13 MP: 3/3
    67 | D:1      | Reached XP level 2. HP: 15/19 MP: 5/5
   428 | D:1      | Reached skill level 5 in Hexes
   476 | D:2      | Gained mutation: You are afflicted with vampirism and can
                  | become a bat while bloodless. [Vampire growth]
   476 | D:2      | Reached XP level 3. HP: 25/25 MP: 6/6
   619 | D:2      | Learned a level 3 spell: Confusing Touch
   622 | D:2      | Learned a level 2 spell: Ensorcelled Hibernation
   925 | D:2      | Noticed Ijyb
   961 | D:2      | Killed Ijyb
   962 | D:2      | Reached skill level 1 in Fighting
   962 | D:2      | Reached XP level 4. HP: 25/32 MP: 4/7
  1447 | D:3      | Noticed tish's ghost (amateur BaSu)
  1503 | D:3      | Found a runed translucent door.
  1627 | D:3      | Reached skill level 6 in Hexes
  1979 | D:3      | Reached XP level 5. HP: 36/37 MP: 4/9
  2116 | D:3      | Mangled by a sleepcap

Illustrated notes

Levels and vault maps discovered:
D:1:      ncdulo_lavacross, layout_rooms
D:2:      kennysheep_the_goblin_king, layout_rooms
D:3:      layout_loops_ring, hellmonk_ghost_happy_afterlife, hellmonk_no_cap

Skill      XL: |  1  2  3  4 |
---------------+-------------+-----
Hexes          | 5 6 |  6.0
Fighting       | 1 |  1.3
Short Blades   | 2 |  2.2
Dodging        | 3 |  3.0
Stealth        | |  4.4
Spellcasting   | |  2.6

Action                     |  1- 3 |  4- 6 || total
---------------------------+-------+-------++-------
  Melee: Dagger            |   139 |    55 ||   194
         Bite              |    15 |     6 ||    21
         Unarmed           |    12 |     4 ||    16
         Punch             |       |     1 ||     1
  Throw: Dart              |       |     2 ||     2
   Cast: Ensorcelled Hiber |     6 |    20 ||    26
         Confusing Touch   |       |     2 ||     2
    Use: Scroll            |       |     8 ||     8
   Stab: Sleeping          |     9 |    16 ||    25
         Confused          |     1 |     1 ||     2
 Armour: Robe              |    33 |     6 ||    39
         Skin              |     1 |       ||     1
  Dodge: Dodged            |    93 |    34 ||   127
